[Event "January 2 Late 2024"]
[Site "https://www.chess.com"]
[Date "2024.01.02"]
[Round "6"]
[White "Janaszak, Dawid"]
[Black "Bhavikatti, Neil"]
[Result "1/2-1/2"]
[Board "103"]
[TimeControl "180+1"]
[WhiteFideId "1119206"]
[BlackFideId "30935024"]
[WhiteElo "2624"]
[BlackElo "2461"]
[WhiteTeam "POL"]
[BlackTeam "USA"]
[WhiteClock "0:00:09"]
[BlackClock "0:00:06"]

1. d4 d5 2. Bf4 Nf6 3. e3 e6 4. Nf3 Bd6 5. Nbd2 c5 6. Bb5+ Nc6 7. Bxc6+ bxc6 8. Bxd6 Qxd6 9. c3 cxd4 10. exd4 c5 11. Qa4+ Bd7 12. Qa3 Rc8 13. Nb3 Ne4 14. Nfd2 Qf4 15. Nf3 cxd4 16. Nbxd4 e5 17. Ne2 Qf6 18. Qxa7 Nc5 19. O-O Bg4 20. b4 Bxf3 21. gxf3 Qxf3 22. bxc5 Qxe2 23. Qa4+ Ke7 24. Rfe1 Qh5 25. c6 Rhd8 26. Qb4+ Rd6 27. Re3 Rxc6 28. Rae1 f6 29. Qb7+ Ke6 30. Rg3 g6 31. Qa8 Rc7 32. Qg8+ Rf7 33. a4 Rd7 34. a5 f5 35. a6 f4 36. Rg2 Kf6 37. Qe8 e4 38. Qb8 Rfe7 39. Qxf4+ Kg7 40. Rg5 Qh3 41. Rg3 Qe6 42. Ra1 Qb6 43. Qe3 Qc7 44. Qd4+ Qe5 45. Qc5 Ra7 46. Qb6 Qc7 47. Qd4+ Qe5 48. Rg5 Qxd4 49. cxd4 Red7 50. Re5 Kf6 51. Ra5 Rd6 52. Rexd5 Rxd5 53. Rxd5 Rxa6 54. Re5 Ra1+ 55. Kg2 Re1 56. Kg3 g5 57. h3 h5 58. Re8 Re2 59. Rf8+ Ke6 60. Re8+ Kd5 61. Re5+ Kxd4 62. Rxg5 h4+ 63. Kxh4 Rxf2 64. Kg3 Rf3+ 65. Kg4 Rf1 66. Ra5 e3 67. Ra4+ Kd3 68. Ra3+ Ke2 69. h4 Rg1+ 70. Kf5 Kf2 71. h5 e2 72. Ra2 Rh1 73. Kg6 Kf1 74. Ra1+ e1=Q 75. Rxe1+ Kxe1 76. h6 Kf2 77. h7 Kf3 78. Kg7 Kf4 79. h8=Q Rxh8 80. Kxh8 1/2-1/2

[Event "January 2 Late 2024"]
[Site "https://www.chess.com"]
[Date "2024.01.02"]
[Round "6"]
[White "Caspi, Israel"]
[Black "Gurevich, Dmitry"]
[Result "0-1"]
[Board "104"]
[TimeControl "180+1"]
[WhiteFideId "2807394"]
[BlackFideId "2000407"]
[WhiteElo "2621"]
[BlackElo "2420"]
[WhiteTeam "ISR"]
[BlackTeam "USA"]
[WhiteClock "0:01:21"]
[BlackClock "0:00:16"]

1. e4 c5 2. Nf3 d6 3. d4 cxd4 4. Nxd4 Nf6 5. Nc3 Nc6 6. Bg5 e6 7. Qd2 Be7 8. O-O-O O-O 9. f3 Nxd4 10. Qxd4 a6 11. Kb1 b5 12. h4 Bb7 13. g4 Rc8 14. Be3 Qc7 15. g5 Nd7 16. Rg1 Ne5 17. Be2 Nc4 18. Bxc4 Qxc4 19. Qd2 b4 20. Na4 Qb5 21. b3 d5 22. e5 d4 23. Bxd4 Bxf3 24. Rdf1 Be4 25. Rc1 Rfd8 26. Qe3 Bf5 27. Nb6 Rc6 28. Nc4 Rxc4 29. bxc4 Qxc4 30. Rgd1 a5 31. Rd2 a4 32. Kb2 g6 33. c3 a3+ 34. Ka1 Rc8 35. Rdd1 b3 36. axb3 Qxb3 37. c4 Qa4 38. c5 Qc6 39. Rc3 a2 40. Rd2 Rb8 41. Rb3 Qh1+ 42. Kxa2 Ra8+ 43. Kb2 Qa1# 0-1

[Event "January 2 Late 2024"]
[Site "https://www.chess.com"]
[Date "2024.01.02"]
[Round "6"]
[White "Senft, Sean"]
[Black "Khatoev, Eduard"]
[Result "0-1"]
[Board "105"]
[TimeControl "180+1"]
[WhiteFideId "2044960"]
[BlackFideId "24145076"]
[WhiteElo "2420"]
[BlackElo "2618"]
[WhiteTeam "USA"]
[BlackTeam "RUS"]
[WhiteClock "0:02:18"]
[BlackClock "0:02:45"]

1. d4 c5 2. d5 d6 3. c4 Qa5+ 4. Nc3 Nf6 5. f3 e5 6. e4 Be7 7. Bd3 Na6 8. f4 exf4 9. Bxf4 Nb4 10. Nf3 Nh5 11. Be3 Nxd3+ 12. Qxd3 O-O 13. O-O f6 14. Nh4 g6 15. Bh6 Rf7 16. Qg3 Nxg3 0-1

[Event "January 2 Late 2024"]
[Site "https://www.chess.com"]
[Date "2024.01.02"]
[Round "6"]
[White "Mazurkiewicz, Michal"]
[Black "Sowa, Ryan"]
[Result "1-0"]
[Board "106"]
[TimeControl "180+1"]
[WhiteFideId "1124943"]
[BlackFideId "30901693"]
[WhiteElo "2415"]
[BlackElo "2602"]
[WhiteTeam "POL"]
[BlackTeam "USA"]
[WhiteClock "0:00:07"]
[BlackClock "0:00:47"]

1. e4 b6 2. g3 Bb7 3. Bg2 e6 4. d3 Nf6 5. Nf3 d5 6. Nbd2 dxe4 7. dxe4 Nxe4 8. Ng5 Nd6 9. Bxb7 Nxb7 10. Nxf7 Qd5 11. O-O Kxf7 12. c4 Qd3 13. Re1 Nc6 14. Re3 Qd7 15. Qh5+ g6 16. Qf3+ Kg8 17. Ne4 Bg7 18. Rd3 Nd4 19. Nf6+ Bxf6 20. Qxf6 Ne2+ 21. Kg2 Qc6+ 22. Rf3 Qd7 23. Bh6 Qe8 24. Re1 Nd6 25. Qg7# 1-0

[Event "January 2 Late 2024"]
[Site "https://www.chess.com"]
[Date "2024.01.02"]
[Round "6"]
[White "Korchynskyi, Mykola"]
[Black "Gallegos Diaz, Carlos Alberto"]
[Result "1-0"]
[Board "107"]
[TimeControl "180+1"]
[WhiteFideId "34138005"]
[BlackFideId "3900886"]
[WhiteElo "2580"]
[BlackElo "2412"]
[WhiteTeam "UKR"]
[BlackTeam "VEN"]
[WhiteClock "0:01:49"]
[BlackClock "0:00:06"]

1. d4 Nf6 2. c4 d6 3. Nf3 Nbd7 4. Bf4 c6 5. Nc3 Qa5 6. e3 e5 7. dxe5 dxe5 8. Bg3 Bb4 9. Qc2 Ne4 10. Rc1 Nxc3 11. bxc3 Ba3 12. Rd1 O-O 13. Bd3 h6 14. O-O Re8 15. Bf5 Nf6 16. Bxc8 Raxc8 17. Qf5 Rcd8 18. Rxd8 Rxd8 19. Bxe5 Nd7 20. Qf4 Nxe5 21. Nxe5 Qc7 22. Qf5 Rd2 23. h4 Rxa2 24. Rd1 Bd6 25. f4 Bxe5 26. Rd7 Qxd7 27. Qxd7 Bxc3 28. Qxb7 Bd2 29. Qb8+ Kh7 30. Qb1+ 1-0

[Event "January 2 Late 2024"]
[Site "https://www.chess.com"]
[Date "2024.01.02"]
[Round "6"]
[White "Cervantes Landeiro, Thalia"]
[Black "Zakarian, David"]
[Result "1/2-1/2"]
[Board "108"]
[TimeControl "180+1"]
[WhiteFideId "3520498"]
[BlackFideId "13301276"]
[WhiteElo "2569"]
[BlackElo "2402"]
[WhiteTeam "USA"]
[BlackTeam "ARM"]
[WhiteClock "0:00:03"]
[BlackClock "0:00:55"]

1. d4 Nf6 2. c4 e6 3. Nf3 b6 4. g3 Bb7 5. Bg2 Be7 6. O-O O-O 7. Re1 Na6 8. Bg5 c5 9. Nc3 cxd4 10. Nxd4 Bxg2 11. Kxg2 Rc8 12. Qa4 Nb4 13. Qxa7 Rxc4 14. Nf3 Nc2 15. Qa6 Rc8 16. Qb5 Nxa1 17. Rxa1 d5 18. a4 Rc5 19. Qb3 Qc7 20. Nb5 Qc6 21. Nbd4 Qc7 22. Bf4 Qb7 23. Ra2 Ra8 24. Qd3 Ne4 25. b4 Rc4 26. Ne5 Rxb4 27. Nec6 Rbxa4 28. Rxa4 Rxa4 29. Qb5 Ra8 30. f3 Bc5 31. fxe4 dxe4 32. e3 h6 33. Ne5 Ra2+ 34. Kh3 Qd5 35. Qe8+ Kh7 36. Qxf7 Bxd4 37. Qg6+ Kg8 38. Qe8+ Kh7 39. Qg6+ Kg8 40. Qf7+ Kh7 41. Qg6+ 1/2-1/2

[Event "January 2 Late 2024"]
[Site "https://www.chess.com"]
[Date "2024.01.02"]
[Round "6"]
[White "Palchuk, Andrii"]
[Black "Gerbelli Neto, Eduardo"]
[Result "1-0"]
[Board "109"]
[TimeControl "180+1"]
[WhiteFideId "14176688"]
[BlackFideId "2103281"]
[WhiteElo "2569"]
[BlackElo "2362"]
[WhiteTeam "UKR"]
[BlackTeam "BRA"]
[WhiteClock "0:01:46"]
[BlackClock "0:00:19"]

1. d4 d5 2. c4 c6 3. Nf3 Nf6 4. Qb3 e6 5. g3 dxc4 6. Qxc4 b5 7. Qc2 Bb7 8. Bg2 Na6 9. O-O Nb4 10. Qd1 Be7 11. a3 Nbd5 12. Ne5 O-O 13. Nd3 Nd7 14. Nc3 Qb6 15. Nxd5 cxd5 16. Be3 Rac8 17. Qd2 a5 18. Rfc1 b4 19. axb4 axb4 20. h3 Rxc1+ 21. Rxc1 Rc8 22. Rxc8+ Bxc8 23. Qc2 Ba6 24. Qa4 Qb5 25. Qa1 f6 26. b3 Qc6 27. Nf4 Bb5 28. Nxe6 Bxe2 29. Nf4 Qb5 30. Qa8+ Bf8 31. Qxd5+ Kh8 32. Nxe2 1-0

[Event "January 2 Late 2024"]
[Site "https://www.chess.com"]
[Date "2024.01.02"]
[Round "6"]
[White "Dubreuil, Julien"]
[Black "Tabuenca Mendataurigoitia, Daniel"]
[Result "1/2-1/2"]
[Board "110"]
[TimeControl "180+1"]
[WhiteFideId "621285"]
[BlackFideId "24563617"]
[WhiteElo "2357"]
[BlackElo "2528"]
[WhiteTeam "FRA"]
[BlackTeam "ESP"]
[WhiteClock "0:00:05"]
[BlackClock "0:00:03"]

1. e4 Nc6 2. Nc3 d6 3. d4 Nf6 4. h3 g6 5. d5 Nb8 6. Nf3 Bg7 7. Bf4 e5 8. Be3 c6 9. dxc6 bxc6 10. Bc4 O-O 11. O-O Be6 12. Bb3 Qe7 13. Ng5 Nbd7 14. Nxe6 fxe6 15. Bg5 Nc5 16. Qe2 Rad8 17. Rfe1 h6 18. Bh4 g5 19. Bg3 a5 20. f3 Nh5 21. Bf2 Nf4 22. Qf1 Nd7 23. Rad1 d5 24. Na4 Rb8 25. Kh2 h5 26. g3 Ng6 27. Qg2 Qf7 28. exd5 exd5 29. c4 Qxf3 30. cxd5 Qxg2+ 31. Kxg2 cxd5 32. Rxd5 Nf6 33. Rdxe5+ Kh7 34. Rxg5 h4 35. Bc2 hxg3 36. Bxg3 Rb4 37. Bxg6+ Kh6 38. Rxa5 Kxg6 39. b3 Rc8 40. Rg1 Rc2+ 41. Kh1 Kh7 42. Ra7 Ne4 43. Rxg7+ Kxg7 44. Bd6+ Kf6 45. Bxb4 Nf2+ 46. Kg2 Nd3+ 47. Kf3 Nxb4 48. Rg4 Nxa2 49. Nb6 Nc1 50. Kg3 Nxb3 51. Nd5+ Ke5 52. Ne3 Rc3 53. Kf3 Nd4+ 54. Kf2 Rb3 55. h4 Rb2+ 56. Kg3 Rb3 57. Kf2 Rb2+ 58. Kg3 Ne2+ 59. Kf3 Nd4+ 60. Kg3 1/2-1/2

[Event "January 2 Late 2024"]
[Site "https://www.chess.com"]
[Date "2024.01.02"]
[Round "6"]
[White "Mazzilli, Piero"]
[Black "Leenhouts, Koen"]
[Result "0-1"]
[Board "111"]
[TimeControl "180+1"]
[WhiteFideId "807087"]
[BlackFideId "1008439"]
[WhiteElo "2345"]
[BlackElo "2523"]
[WhiteTeam "ITA"]
[BlackTeam "NED"]
[WhiteClock "0:00:01"]
[BlackClock "0:00:28"]

1. e4 e6 2. Nf3 d5 3. Nc3 Nf6 4. e5 Nfd7 5. d4 c5 6. dxc5 Nc6 7. Bf4 Be7 8. h4 Nxc5 9. h5 Bd7 10. h6 g5 11. Bg3 Qa5 12. a3 Ne4 13. Qd3 g4 14. Nd2 Nxg3 15. fxg3 Nxe5 16. Qd4 Ng6 17. b4 Qb6 18. Qxb6 axb6 19. Nb5 O-O 20. c3 Bf6 21. Nb1 Rfc8 22. Kd2 Ne5 23. Nd4 Nc4+ 24. Bxc4 Rxc4 25. Kd3 Rac8 26. Ra2 e5 27. Ne2 Bf5+ 28. Kd2 d4 29. cxd4 Rc2+ 30. Rxc2 Rxc2+ 31. Ke3 Bg5+ 32. Kf2 exd4 33. Rc1 Bxc1 0-1

[Event "January 2 Late 2024"]
[Site "https://www.chess.com"]
[Date "2024.01.02"]
[Round "6"]
[White "Kekic, Armin"]
[Black "Bold, Andre"]
[Result "1-0"]
[Board "112"]
[TimeControl "180+1"]
[WhiteFideId "14401274"]
[BlackFideId "16208471"]
[WhiteElo "2338"]
[BlackElo "2517"]
[WhiteTeam "BIH"]
[BlackTeam "GER"]
[WhiteClock "0:00:22"]
[BlackClock "0:00:14"]

1. e4 c6 2. d4 d5 3. Nd2 dxe4 4. Nxe4 Nf6 5. Nxf6+ exf6 6. c3 Na6 7. Bd3 Nc7 8. Qc2 Bd6 9. Ne2 h6 10. Bf4 O-O 11. O-O Ne6 12. Bxd6 Qxd6 13. Rfe1 a5 14. a4 Bd7 15. Bf5 Rae8 16. Rad1 g6 17. Bxg6 fxg6 18. Qxg6+ Ng7 19. Ng3 Qf4 20. Qxg7+ Kxg7 21. Nh5+ Kf7 22. Nxf4 Rxe1+ 23. Rxe1 Rg8 24. f3 Rg5 25. Kf2 c5 26. dxc5 Rxc5 27. Re4 b5 28. axb5 Rxb5 29. Re2 a4 30. Rd2 Bc6 31. Ne2 Rh5 32. h3 Rc5 33. Rd4 Kg6 34. Rb4 h5 35. h4 Kh6 36. g4 hxg4 37. fxg4 Kg6 38. Nf4+ Kh6 39. Nd3 Rd5 40. Rd4 Rb5 41. Rxa4 Kg7 42. Rd4 Ra5 43. c4 Ra4 44. b4 Ra2+ 45. Ke3 Rh2 46. h5 Rh3+ 47. Kd2 Rh2+ 48. Kc3 Kh6 49. b5 Bh1 50. c5 Kg5 51. c6 Ra2 52. Rc4 Ra5 53. Kb4 Ra8 54. b6 Rb8 55. Kc5 Rc8 56. c7 f5 57. gxf5 Kxf5 58. Nb4 Kg5 59. Kd6 Bf3 60. Nd5 Kxh5 61. b7 1-0

[Event "January 2 Late 2024"]
[Site "https://www.chess.com"]
[Date "2024.01.02"]
[Round "6"]
[White "Fernandez Hernandez, Gerardo"]
[Black "Baches Garcia, Guillermo"]
[Result "1/2-1/2"]
[Board "113"]
[TimeControl "180+1"]
[WhiteFideId "2207400"]
[BlackFideId "2209764"]
[WhiteElo "2334"]
[BlackElo "2514"]
[WhiteTeam "ESP"]
[BlackTeam "ESP"]
[WhiteClock "0:00:36"]
[BlackClock "0:01:00"]

1. e4 d5 2. exd5 Qxd5 3. Nc3 Qa5 4. d4 Nf6 5. Bd2 Bg4 6. Nf3 Nc6 7. Nb5 Qb6 8. a4 a5 9. c4 Bxf3 10. Qxf3 Nxd4 11. Nxd4 Qxd4 12. Qxb7 Qe4+ 13. Qxe4 Nxe4 14. Bd3 Nxd2 15. Kxd2 e6 16. Kc2 Bc5 17. Be4 Rb8 18. Bc6+ Ke7 19. Rad1 Rhd8 20. f3 e5 21. Rxd8 Rxd8 22. Rd1 Bd4 23. b3 Kd6 24. Bd5 f6 25. f4 c6 26. Be4 Kc5 27. fxe5 fxe5 28. Bxh7 Rh8 29. Be4 Rxh2 30. Rf1 Rh4 31. Kd3 Rf4 32. Rxf4 exf4 33. Kc2 Bf6 34. Kd3 Kd6 35. Bf3 c5 36. Ke4 g5 37. Kf5 Bd8 38. Bd5 Be7 39. Bf3 Bd8 40. Bd5 Be7 41. Bf3 Bd8 1/2-1/2

[Event "January 2 Late 2024"]
[Site "https://www.chess.com"]
[Date "2024.01.02"]
[Round "6"]
[White "Tifferet, Shakked"]
[Black "Ardila, Oscar Humberto"]
[Result "0-1"]
[Board "114"]
[TimeControl "180+1"]
[WhiteFideId "2811529"]
[BlackFideId "4404742"]
[WhiteElo "2512"]
[BlackElo "2331"]
[WhiteTeam "ISR"]
[BlackTeam "COL"]
[WhiteClock "0:00:23"]
[BlackClock "0:00:17"]

1. e4 e5 2. Nf3 Nf6 3. Nc3 Nc6 4. Be2 Bc5 5. Nxe5 Bxf2+ 6. Kxf2 Nxe5 7. d4 Ng6 8. e5 Ng8 9. Rf1 N8e7 10. Kg1 O-O 11. Bg5 d6 12. h4 dxe5 13. h5 Nf4 14. Rxf4 exf4 15. h6 f6 16. hxg7 Kxg7 17. Bxf4 Nd5 18. Nxd5 Qxd5 19. Qd2 Kh8 20. Bf3 Qf7 21. a4 c6 22. a5 a6 23. Rf1 Bf5 24. Bd6 Rfd8 25. Qf4 Qe6 26. Bb4 Bxc2 27. Re1 Qf5 28. Qh6 Qg6 29. Qh4 Re8 30. Be7 Kg8 31. Bh5 Qg5 32. Qxg5+ fxg5 33. Re5 Bg6 34. Bg4 h6 35. Bf6 Rxe5 36. dxe5 Kf7 37. Bd7 Be4 38. Kf2 Bd5 39. g3 Be6 40. Bxe6+ Kxe6 41. Bg7 h5 42. Bf6 Kf5 43. Ke3 Re8 44. Kd4 Re6 45. Bd8 Rxe5 46. Bxg5 Rxa5 47. b4 Rd5+ 48. Kc4 Kxg5 49. g4 hxg4 50. b5 axb5+ 51. Kb4 Kf4 52. Ka5 b4+ 53. Kb6 b3 54. Kc7 Ke5 55. Kc8 Ke6 56. Kc7 Rd7+ 57. Kb8 b6 58. Kc8 Kd6 59. Kb8 b5 60. Ka8 c5 61. Kb8 Kc6 62. Kc8 c4 63. Kb8 b4 64. Ka8 c3 65. Kb8 b2 66. Ka8 c2 67. Kb8 b3 68. Ka8 g3 69. Kb8 g2 70. Ka8 g1=Q 71. Kb8 c1=Q 72. Ka8 b1=Q 73. Kb8 Qcd1 74. Kc8 Qbc1 75. Kb8 b2 76. Kc8 Qcc2 77. Kb8 b1=Q+ 78. Kc8 Rc7# 0-1

[Event "January 2 Late 2024"]
[Site "https://www.chess.com"]
[Date "2024.01.02"]
[Round "6"]
[White "Biernacki, Mark"]
[Black "Berezin, Viktor"]
[Result "0-1"]
[Board "115"]
[TimeControl "180+1"]
[WhiteFideId "2082322"]
[BlackFideId "14107872"]
[WhiteElo "2325"]
[BlackElo "2508"]
[WhiteTeam "USA"]
[BlackTeam "UKR"]
[WhiteClock "0:00:00"]
[BlackClock "0:00:16"]

1. e4 c6 2. d4 d5 3. e5 Bf5 4. h4 h5 5. Bd3 Bxd3 6. Qxd3 e6 7. Bg5 Qb6 8. Nd2 Ne7 9. Ngf3 Nf5 10. c4 Nd7 11. O-O Be7 12. c5 Qd8 13. b4 Bxg5 14. hxg5 h4 15. b5 h3 16. g4 Nh4 17. Kh2 Qa5 18. a4 Nf8 19. Nxh4 Rxh4 20. Qe2 Ng6 21. f4 Qc3 22. Kh1 Ke7 23. Rab1 b6 24. bxc6 Rc8 25. cxb6 axb6 26. Rxb6 Kf8 27. f5 exf5 28. Rxf5 Kg8 29. Rf1 Rxc6 30. e6 Rxb6 31. exf7+ Kh7 0-1

[Event "January 2 Late 2024"]
[Site "https://www.chess.com"]
[Date "2024.01.02"]
[Round "6"]
[White "Shuvalov, Evgenij"]
[Black "Kornyukov, Alexey"]
[Result "1-0"]
[Board "116"]
[TimeControl "180+1"]
[WhiteFideId "4187237"]
[BlackFideId "4150457"]
[WhiteElo "2506"]
[BlackElo "2320"]
[WhiteTeam "FID"]
[BlackTeam "RUS"]
[WhiteClock "0:00:13"]
[BlackClock "0:00:00"]

1. d4 d5 2. c4 e6 3. Nc3 a6 4. c5 b6 5. cxb6 cxb6 6. Bf4 Bd6 7. Bxd6 Qxd6 8. Nf3 Nf6 9. e3 O-O 10. Bd3 b5 11. O-O Nbd7 12. Qe2 Bb7 13. a4 b4 14. Nb1 a5 15. Nbd2 Nb6 16. Nb3 Nc4 17. Rfc1 Ba6 18. Nc5 b3 19. Nxa6 Rxa6 20. Bxc4 dxc4 21. Qxc4 Rb6 22. Rc3 Rfb8 23. Nd2 g6 24. h3 Nd5 25. Rxb3 Rxb3 26. Nxb3 Rb4 27. Qc8+ Kg7 28. Nxa5 Qb6 29. Nc4 Qa7 30. a5 Ne7 31. Qc5 Qxc5 32. dxc5 Rxc4 33. a6 Nc6 34. a7 Nxa7 35. Rxa7 Rxc5 36. Rb7 e5 37. e4 Rc1+ 38. Kh2 Rc2 39. Kg3 g5 40. Kf3 h5 41. Ke3 Kg6 42. g3 h4 43. gxh4 gxh4 44. Kf3 f6 45. b4 Kg5 46. Rb8 Rc3+ 47. Kg2 Rc4 48. b5 1-0

[Event "January 2 Late 2024"]
[Site "https://www.chess.com"]
[Date "2024.01.02"]
[Round "6"]
[White "Garcia Almaguer, Juan Manuel"]
[Black "Bryant, Todd"]
[Result "1-0"]
[Board "117"]
[TimeControl "180+1"]
[WhiteFideId "5110491"]
[BlackFideId "2031299"]
[WhiteElo "2492"]
[BlackElo "2286"]
[WhiteTeam "MEX"]
[BlackTeam "USA"]
[WhiteClock "0:00:58"]
[BlackClock "0:00:05"]

1. e4 c5 2. Nf3 d6 3. d4 cxd4 4. Nxd4 Nf6 5. Nc3 g6 6. Be3 Bg7 7. Be2 O-O 8. f3 Nc6 9. Qd2 d5 10. Nxc6 bxc6 11. e5 Nd7 12. f4 e6 13. O-O c5 14. Bf2 Bb7 15. Nb5 Bc6 16. c4 Bxb5 17. cxb5 f6 18. Bg4 Qe7 19. exf6 Qxf6 20. Rae1 Rae8 21. Re2 h5 22. Bh3 Bh6 23. g3 Rf7 24. Rfe1 Rfe7 25. Rxe6 Rxe6 26. Qxd5 Nf8 27. Bxc5 Kh7 28. Bxe6 Rxe6 29. Rxe6 Qxe6 30. Qxe6 Nxe6 31. Bxa7 Bg7 32. Kf2 Kg8 33. Ke3 Kf7 34. Ke4 Ke7 35. Kd5 Kd7 36. b6 Nd8 37. b4 Bf8 38. Kc4 Kc6 39. a4 Bd6 40. b5+ Kb7 41. a5 Ne6 42. a6+ Ka8 43. Kd5 Nxf4+ 44. Kxd6 Nd3 45. Kc7 Nc5 46. b7+ Nxb7 47. axb7+ Kxa7 48. b8=Q# 1-0

[Event "January 2 Late 2024"]
[Site "https://www.chess.com"]
[Date "2024.01.02"]
[Round "6"]
[White "Tagliati, Eleonore"]
[Black "Karas, Marek"]
[Result "1/2-1/2"]
[Board "118"]
[TimeControl "180+1"]
[WhiteFideId "45172234"]
[BlackFideId "14928558"]
[WhiteElo "2214"]
[BlackElo "2470"]
[WhiteTeam "FRA"]
[BlackTeam "CZE"]
[WhiteClock "0:00:04"]
[BlackClock "0:00:05"]

1. e4 g6 2. d4 Bg7 3. Nf3 d6 4. Be2 a6 5. a4 b6 6. O-O e6 7. Nc3 h6 8. Be3 Nd7 9. Qd2 Ne7 10. h3 Bb7 11. Rad1 g5 12. Ne1 Ng6 13. Nd3 Qe7 14. f4 gxf4 15. Nxf4 Qh4 16. Nxg6 fxg6 17. Bg4 Qe7 18. Rf2 O-O-O 19. Be2 g5 20. Rdf1 Rdf8 21. Rxf8+ Rxf8 22. Rxf8+ Qxf8 23. Bc4 Qe7 24. Qd3 a5 25. Ba6 Nb8 26. Bxb7+ Kxb7 27. Ne2 Nc6 28. c3 d5 29. e5 Nd8 30. Ng3 Qf7 31. Qe2 Bf8 32. Nh5 Be7 33. Ng3 Qg6 34. Kh2 c6 35. Qh5 Qxh5 36. Nxh5 Kc7 37. Kg3 Kd7 38. Kg4 Ke8 39. h4 Nf7 40. Ng7+ Kd7 41. g3 b5 42. axb5 cxb5 43. Kh5 gxh4 44. gxh4 a4 45. Kg6 Nh8+ 46. Kh7 Nf7 47. h5 Bg5 48. Bxg5 hxg5 49. h6 g4 50. Nh5 b4 51. cxb4 Kc6 52. Kg7 Nxh6 53. Kxh6 Kb5 54. Kg5 Kxb4 55. Kxg4 Kb3 56. Nf4 Kxb2 57. Nxd5 exd5 58. e6 a3 59. e7 a2 60. e8=Q a1=Q 61. Qb5+ Kc3 62. Qc5+ Kd3 63. Qxd5 Qg1+ 64. Kf5 Qxd4 65. Qf3+ Kc4 66. Qe4 Qxe4+ 67. Kxe4 1/2-1/2

[Event "January 2 Late 2024"]
[Site "https://www.chess.com"]
[Date "2024.01.02"]
[Round "6"]
[White "Seletsky, Grigory"]
[Black "Kovacevic, Radmila"]
[Result "1-0"]
[Board "119"]
[TimeControl "180+1"]
[WhiteFideId "14112191"]
[BlackFideId "933171"]
[WhiteElo "2425"]
[BlackElo "2182"]
[WhiteTeam "UKR"]
[BlackTeam "SRB"]
[WhiteClock "0:01:13"]
[BlackClock "0:00:00"]

1. b3 e5 2. Bb2 Nc6 3. e3 Nf6 4. Bb5 d6 5. Nf3 Bd7 6. O-O a6 7. Be2 Qe7 8. c4 e4 9. d4 exf3 10. Bxf3 O-O-O 11. b4 Nxb4 12. Qb3 Nc6 13. Nd2 Bg4 14. Rab1 Bxf3 15. Nxf3 d5 16. Bc3 b6 17. Qa4 Nb8 18. Rfc1 Qa3 19. Qc2 Ne4 20. Be1 Qd6 21. cxd5 Nf6 22. Ne5 Nxd5 23. Nxf7 Qd7 24. Nxh8 Bd6 25. Qxh7 Nf6 26. Qh4 g5 27. Qxg5 Ng4 28. h3 Rxh8 29. hxg4 Bh2+ 30. Kf1 Bd6 31. Qf5 Qxf5 32. gxf5 Nd7 33. Ke2 Kd8 34. Kf3 Rf8 35. g4 Nf6 36. e4 Be7 37. g5 Nh7 38. g6 Ng5+ 39. Ke3 Re8 40. f3 Bf6 41. Bf2 Nh3 42. e5 Bg5+ 43. Ke2 Nf4+ 44. Kf1 Rh8 45. g7 Rh1+ 46. Bg1 Nh3 47. g8=Q+ Kd7 48. Kg2 Rxg1+ 49. Kxh3 1-0

[Event "January 2 Late 2024"]
[Site "https://www.chess.com"]
[Date "2024.01.02"]
[Round "6"]
[White "Chirilov, James A"]
[Black "Musalov, Ruslan"]
[Result "1-0"]
[Board "120"]
[TimeControl "180+1"]
[WhiteFideId "30976677"]
[BlackFideId "4141490"]
[WhiteElo "2773"]
[BlackElo "2430"]
[WhiteTeam "USA"]
[BlackTeam "RUS"]
[WhiteClock "0:00:13"]
[BlackClock "0:00:00"]

1. e4 c5 2. Nf3 d6 3. d4 cxd4 4. Nxd4 Nf6 5. Nc3 a6 6. Nb3 g6 7. Be2 Bg7 8. Be3 O-O 9. Qd2 Nc6 10. O-O-O b5 11. Bf3 Ne5 12. Bh6 Be6 13. Kb1 Nc4 14. Qf4 b4 15. Nd5 Bxd5 16. exd5 Rc8 17. h4 a5 18. h5 a4 19. Bxg7 Kxg7 20. Nd4 Qb6 21. hxg6 fxg6 22. Ne6+ Kg8 23. Nxf8 Na3+ 24. bxa3 bxa3+ 25. Kc1 Qb2+ 26. Kd2 Qc3+ 27. Ke2 Rxf8 28. Qd2 Qc4+ 29. Qd3 Qxa2 30. Ra1 Qb2 31. Rxa3 Rc8 32. Kd2 Qb4+ 33. Ke3 Qb2 34. c4 Rb8 35. Rha1 Qe5+ 36. Be4 Ng4+ 37. Ke2 Rb2+ 38. Ke1 Nxf2 39. Qe3 Nxe4 40. R1a2 Rxg2 41. Rxg2 Qf5 42. Re2 Nf6 43. Ra1 a3 44. Qe6+ Qxe6 45. Rxe6 1-0

[Event "January 2 Late 2024"]
[Site "https://www.chess.com"]
[Date "2024.01.02"]
[Round "6"]
[White "Jaque Gutierrez, Matias"]
[Black "Carlsson, Ludvig"]
[Result "0-1"]
[Board "121"]
[TimeControl "180+1"]
[WhiteFideId "3426980"]
[BlackFideId "1727010"]
[WhiteElo "2426"]
[BlackElo "2695"]
[WhiteTeam "CHI"]
[BlackTeam "SWE"]
[WhiteClock "0:00:02"]
[BlackClock "0:01:42"]

1. d4 Nf6 2. c4 e6 3. g3 d5 4. Bg2 Be7 5. Nf3 O-O 6. O-O a5 7. Qc2 c6 8. Nbd2 b6 9. Rd1 Bb7 10. e4 Na6 11. a3 Rc8 12. e5 Nd7 13. cxd5 cxd5 14. Qa4 Qc7 15. Nf1 Qc2 16. Qxc2 Rxc2 17. Ne3 Rc7 18. Bd2 Rfc8 19. Bf1 Nab8 20. Rdc1 Ba6 21. Rxc7 Rxc7 22. Rc1 Rxc1 23. Bxc1 Bxf1 24. Kxf1 Nc6 25. Ke2 a4 26. Nd1 b5 27. Nc3 Na7 28. Ne1 Nb8 29. Nc2 Nbc6 30. Be3 h5 31. h4 Kf8 32. Kd3 Ke8 33. Na2 Kd7 34. Bd2 Kc7 35. f4 g6 36. Nc1 Kb6 37. f5 gxf5 38. Ne2 b4 39. axb4 Kb5 40. Na3+ Kb6 41. Nc2 Kb5 42. Nc3+ Kb6 43. Nxa4+ Kc7 44. Nc5 Nb5 45. Na3 Nbxd4 46. b5 Bxc5 47. bxc6 Nxc6 48. Nb5+ Kb6 49. Nc3 Nxe5+ 50. Kc2 Bf2 51. Bf4 Nc4 52. Ne2 e5 53. Bc1 Kc5 54. b3 Ne3+ 55. Kd3 d4 56. Ba3+ Kd5 57. b4 e4+ 58. Kd2 Nc4+ 59. Kd1 Nxa3 60. Nf4+ Ke5 61. Nxh5 d3 62. Nf4 Nc4 63. h5 Bxg3 64. h6 Kxf4 65. h7 e3 66. h8=Q e2+ 67. Kc1 e1=R# 0-1

[Event "January 2 Late 2024"]
[Site "https://www.chess.com"]
[Date "2024.01.02"]
[Round "6"]
[White "Hoeffer, David"]
[Black "Hamidi, Amir Mohammad"]
[Result "1/2-1/2"]
[Board "122"]
[TimeControl "180+1"]
[WhiteFideId "24606766"]
[BlackFideId "12563285"]
[WhiteElo "2425"]
[BlackElo "2684"]
[WhiteTeam "GER"]
[BlackTeam "IRI"]
[WhiteClock "0:00:13"]
[BlackClock "0:00:08"]

1. e4 c5 2. Nf3 Nc6 3. Bb5 d5 4. exd5 Qxd5 5. Nc3 Qe6+ 6. Qe2 Qxe2+ 7. Nxe2 Bd7 8. O-O e6 9. d3 Nf6 10. Bf4 Be7 11. Rfe1 O-O 12. Ng3 Nd5 13. Bd2 Bf6 14. c3 a6 15. Bxc6 Bxc6 16. Ne5 Rac8 17. Nxc6 Rxc6 18. Ne4 Rd8 19. Rad1 Be7 20. Bc1 Nf6 21. Nxf6+ Bxf6 22. Re3 Rcd6 23. Rf3 b5 24. Bf4 R6d7 25. h3 b4 26. Be3 bxc3 27. bxc3 Rxd3 28. Rxd3 Rxd3 29. Bxc5 Rxf3 30. gxf3 Bxc3 31. Kf1 f5 32. Ke2 Kf7 33. Kd3 Be1 34. Kc4 Kg6 35. Bd4 Kh5 36. Bxg7 Bxf2 37. Kb4 Bb6 38. Bf6 Kg6 39. Be5 Kg5 40. Bg3 f4 41. Be1 e5 42. Kc4 e4 43. fxe4 f3 44. Bd2+ Kh4 45. Kd3 f2 46. Ke2 Kxh3 47. Kf1 Kg4 48. Bh6 Bd4 49. a4 a5 50. Kg2 Bc5 51. Kf1 Kh5 52. Bf4 Kg6 53. Kg2 h5 54. Bg3 Kf6 55. Kf1 Ke6 56. Bh2 h4 57. Bf4 h3 58. Bg3 Kf6 59. Bxf2 Bxf2 60. Kxf2 Ke5 61. Kg3 Kxe4 62. Kxh3 Kd4 63. Kg3 Kc4 64. Kf3 Kb4 65. Ke3 Kxa4 66. Kd2 Ka3 67. Kc1 Ka2 68. Kc2 a4 69. Kc1 a3 70. Kc2 Ka1 71. Kc1 a2 72. Kc2 1/2-1/2

[Event "January 2 Late 2024"]
[Site "https://www.chess.com"]
[Date "2024.01.02"]
[Round "6"]
[White "Haydon, David L"]
[Black "Spichkin, Alexander"]
[Result "1-0"]
[Board "123"]
[TimeControl "180+1"]
[WhiteFideId "415405"]
[BlackFideId "4144074"]
[WhiteElo "2648"]
[BlackElo "2423"]
[WhiteTeam "ENG"]
[BlackTeam "RUS"]
[WhiteClock "0:01:30"]
[BlackClock "0:01:42"]

1. e4 e5 2. Nf3 d5 3. Nxe5 Bd6 4. d4 dxe4 5. Nc4 Nf6 6. Nxd6+ Qxd6 7. Nc3 Nc6 8. Nb5 Qe7 9. d5 Nb4 10. d6 cxd6 11. Bf4 O-O 12. Bxd6 Qe6 13. Bxb4 Re8 14. Nc7 Qb6 15. Nxe8 Qxb4+ 16. c3 Qxb2 17. Nxf6+ gxf6 18. Qc1 Qb6 19. Be2 Bf5 20. O-O Rc8 21. Qe3 Qc6 22. c4 Bg6 23. Qxa7 f5 24. Qe3 Qc7 25. g3 h5 26. h4 Qe5 27. Rad1 Ra8 28. Rd5 Qf6 29. a3 Qe7 30. Rfd1 Rxa3 31. Qd4 Ra8 32. Rd8+ Rxd8 33. Qxd8+ Qxd8 34. Rxd8+ Kg7 35. Rb8 1-0